[Event "European Women-ch 2023"]
[Site "Petrovac"]
[Date "2023.03.23"]
[Round "6.18"]
[White "Kostina, Veronika"]
[Black "Maione, Melissa"]
[Result "1-0"]
[ECO "B30"]
[WhiteElo "1855"]
[BlackElo "2028"]
[Annotator "TA"]
[PlyCount "73"]
[EventDate "2023.03.15"]
[EventType "swiss"]
[EventCountry "MNE"]
[SourceTitle "playchess.com"]
[Source "ChessBase"]
[SourceQuality "1"]
[TimeControl "40/5400+30:1800+30"]

1. e4 c5 2. Nc3 Nc6 3. Bb5 Nd4 4. Bc4 a6 5. Nf3 e6 6. Nxd4 cxd4 7. Ne2 b5 8. Bb3 {[%emt 0:00:47] The position is equal.} Bc5 9. O-O Ne7 10. d3 O-O 11. Bg5 f6 12. Bd2 Kh8 13. Ng3 d5 14. Qh5 e5 {[%emt 0:07:14] [#]} (14... a5 $11 {keeps the balance.} 15. a4 b4) 15. f4 $1 $16 {[%emt 0:05:33] White is more active.} f5 (15... Bd6 $14) 16. exf5 (16. fxe5 $18 {exd5 would be deadly.} dxe4 17. dxe4) 16... e4 (16... Nxf5 $142 17. fxe5 Nxg3 18. hxg3 Rxf1+ 19. Rxf1 Be6) 17. dxe4 d3+ $2 {[%emt 0:00:21] Black cannot hold the game after this.} (17... a5 $16 {is a better defense.} 18. a4 bxa4) 18. Kh1 $18 dxe4 $2 (18... dxc2 19. Bxc2 Bd7) 19. Nxe4 Rxf5 $2 (19... Bd4 20. Ng5 (20. cxd3 Bxf5 21. Rae1 Bxb2 $18) 20... Bxf5) 20. Ng5 {[%emt 0:02:55][%csl Gg5][%cal Rh5h7] [#]} h6 21. Nf7+ $2 (21. Bc3 {mates} Bd4 22. Bxd4 Rf6 23. Bxf6 Ng8 24. Bxg7+ {[%mdl 64] Decoy} Kxg7 25. Qf7+ Kh8 26. Qh7#) 21... Kh7 22. Qxf5+ ({Less strong is} 22. Nxd8 Rxh5 23. Rf3 (23. cxd3 Nf5 $11) 23... Bf5 $16) 22... Bxf5 23. Nxd8 Rxd8 24. cxd3 Rxd3 25. Bc3 b4 26. Be5 {[%emt 0:00:49] White is clearly winning.} Rd2 27. Rad1 Re2 28. Bc4 Rc2 29. Bxa6 Ng6 30. Rc1 Rxc1 31. Rxc1 Be3 32. Rc7 Nxe5 33. fxe5 Bf4 34. Rc4 Bd2 35. Bc8 Bg6 36. e6 Kg8 37. Rd4 {[%emt 0:00:42] Weighted Error Value: White=0.35/Black=0.64} 1-0

[Event "European Women-ch 2023"]
[Site "Petrovac"]
[Date "2023.03.23"]
[Round "6.19"]
[White "Shpanko, Nadiia"]
[Black "Balajayeva, Khanim"]
[Result "1/2-1/2"]
[ECO "C42"]
[WhiteElo "2164"]
[BlackElo "2372"]
[Annotator "TA"]
[PlyCount "62"]
[EventDate "2023.03.15"]
[EventType "swiss"]
[EventCountry "MNE"]
[SourceTitle "playchess.com"]
[Source "ChessBase"]
[SourceQuality "1"]
[TimeControl "40/5400+30:1800+30"]

1. e4 e5 2. Nf3 Nf6 3. Nxe5 d6 4. Nf3 Nxe4 5. Qe2 Qe7 6. d3 Nf6 7. Bg5 Qxe2+ 8. Bxe2 Be7 9. Nc3 h6 10. Bd2 c6 11. Ne4 O-O 12. O-O-O d5 13. Nxf6+ Bxf6 14. d4 Bf5 15. h3 Re8 16. Rhe1 Nd7 17. Be3 Be4 18. g4 Nf8 19. Nd2 Bh7 20. Nf3 Be4 21. Nd2 Bh7 22. Nf3 Ne6 23. Bd3 {[%emt 0:02:09] The position is equal.} Be4 24. Bxe4 dxe4 25. Nd2 Nxd4 26. Bxd4 Bxd4 27. Nxe4 Bb6 28. f3 Rad8 29. c3 Kf8 30. Rxd8 Rxd8 31. Rd1 Rxd1+ {[%emt 0:01:32] Weighted Error Value: White=0.03 (flawless) /Black=0.06 (flawless)} 1/2-1/2

[Event "European Women-ch 2023"]
[Site "Petrovac"]
[Date "2023.03.23"]
[Round "6.19"]
[White "Ter-Avetisjana, Agnesa Stepania"]
[Black "Goriachkina, Oksana"]
[Result "1-0"]
[ECO "A21"]
[WhiteElo "1974"]
[BlackElo "1759"]
[Annotator "TA"]
[PlyCount "83"]
[EventDate "2023.03.15"]
[EventType "swiss"]
[EventCountry "MNE"]
[SourceTitle "playchess.com"]
[Source "ChessBase"]
[SourceQuality "1"]
[TimeControl "40/5400+30:1800+30"]

1. c4 e5 2. Nc3 Bb4 3. e4 d6 4. Nf3 Nc6 5. a3 Bc5 6. b4 Bd4 7. b5 ({White should play} 7. Nxd4 $11 Nxd4 8. Ne2) 7... Bxc3 $1 $15 8. dxc3 {[%emt 0:00:03] Black is slightly better.} Na5 9. c5 Be6 {[%emt 0:03:43] Wards off c4} 10. Rb1 {[%emt 0:05:01] Against Nb3} b6 11. c6 Nf6 12. Qc2 d5 13. Ng5 Nxe4 14. Nxe4 dxe4 15. Qxe4 Qd6 16. Be2 f5 17. Qb4 Qxb4 (17... h6 {with more complications.} 18. f4 O-O-O 19. O-O Qxb4 20. Rxb4 Nb3) 18. Rxb4 Kf7 (18... Nb3 $11 19. O-O Nxc1 20. Rxc1 Ke7) 19. c4 $14 {[%emt 0:04:00] White is more active.} a6 20. a4 {[%emt 0:00:12][%cal Ba3a4,Ba4b5][%mdl 32] White now steadily converts the win.} axb5 21. axb5 Rac8 22. Bb2 e4 (22... Rhe8 $16 23. Bxe5 f4) 23. Kd2 $18 Rhd8+ 24. Kc2 Kg6 25. Rd1 Rxd1 26. Kxd1 Kf7 27. Be5 g5 28. g3 Ke7 29. Kc2 Bf7 30. Ra4 Ke6 31. Bc3 Kd6 32. Bb4+ Ke5 33. Kc3 f4 34. Bxa5 bxa5 35. Rxa5 {[%emt 0:00:39][%mdl 4096] Endgame KRB-KRB} Kd6 $2 (35... Kf6 36. gxf4 gxf4) 36. gxf4 gxf4 37. Kd4 f3 38. Bf1 {[%emt 0:00:56] [#] aiming for c5+.} Bg6 39. c5+ Ke7 40. Ra7 {[%emt 0:00:00] b6 is the strong threat.} Kd8 41. Bh3 Rb8 42. Rb7 {[%emt 0:01:20] Weighted Error Value: White=0.12 (very precise) /Black=0.50} 1-0

[Event "European Women-ch 2023"]
[Site "Petrovac"]
[Date "2023.03.23"]
[Round "6.20"]
[White "Klek, Hanna Marie"]
[Black "Zherebtsova, Alexandra"]
[Result "1-0"]
[ECO "B32"]
[WhiteElo "2314"]
[BlackElo "2155"]
[Annotator "TA"]
[PlyCount "55"]
[EventDate "2023.03.15"]
[EventType "swiss"]
[EventCountry "MNE"]
[SourceTitle "playchess.com"]
[Source "ChessBase"]
[SourceQuality "1"]
[TimeControl "40/5400+30:1800+30"]

1. e4 c5 2. Nf3 Nc6 3. d4 cxd4 4. Nxd4 e5 5. Nb5 d6 6. c4 g6 7. N1c3 {[%emt 0:00:50] Hoping for Nd5.} a6 8. Na3 Be6 {[%emt 0:04:35] White has an edge.} 9. Be3 Bg7 10. Nc2 Nf6 11. Be2 O-O 12. Qd2 Rc8 13. b3 {[%emt 0:06:59] [#]} b5 $1 14. cxb5 axb5 {[%emt 0:05:35] Strongly threatening ...b4.} 15. b4 (15. f3 $11) 15... Ne7 $17 16. Rc1 {[%emt 0:06:49] [#]} (16. Na3 $17) 16... d5 $1 $19 {[%emt 0:02:58] ...d4 would be deadly.} 17. exd5 Nexd5 ({Stronger than} 17... Nfxd5 18. Nxd5 Qxd5 19. O-O) 18. Nxd5 Bxd5 (18... Qxd5 $142 19. Qxd5 Nxd5) 19. O-O $17 Ne4 20. Qe1 Nc3 {[%emt 0:06:42] ...Nxe2+ is the strong threat.} 21. Na3 Nxa2 (21... Nxe2+ $17 22. Qxe2 Rxc1 23. Rxc1 Qa8 24. Nxb5 Bxg2) 22. Rxc8 $11 Qxc8 23. Nxb5 Qb7 (23... Rd8 $11) 24. Qd2 $16 e4 25. Bc5 Ra8 $2 {[%emt 0:03:21][%mdl 8192] [#]} (25... Rb8 $16) 26. Nd6 $1 $18 {[%emt 0:01:26] White is clearly winning.} Bc3 27. Qd1 Qc6 28. Bb5 {[%emt 0:00:11][%mdl 64] Deflection. Never resign too early!   Weighted Error Value: White=0.17 (very precise) /Black=0.21 (precise)} 1-0

[Event "European Women-ch 2023"]
[Site "Petrovac"]
[Date "2023.03.23"]
[Round "6.20"]
[White "Zhezhovska, Monika"]
[Black "Mashchenko, Tamila"]
[Result "1/2-1/2"]
[ECO "A59"]
[WhiteElo "1761"]
[BlackElo "1956"]
[Annotator "TA"]
[PlyCount "127"]
[EventDate "2023.03.15"]
[EventType "swiss"]
[EventCountry "MNE"]
[SourceTitle "playchess.com"]
[Source "ChessBase"]
[SourceQuality "1"]
[TimeControl "40/5400+30:1800+30"]

1. d4 Nf6 2. c4 c5 3. d5 b5 4. cxb5 a6 5. bxa6 g6 6. Nc3 Bxa6 7. Nf3 d6 8. e4 Bxf1 9. Kxf1 Bg7 10. g3 O-O 11. Kg2 Nbd7 12. Re1 Ng4 13. Nd2 Nge5 14. Qe2 Nb6 15. f4 Ned7 16. Qd3 Qc8 17. b3 (17. Qc2 $11) 17... c4 $1 $15 18. Nxc4 (18. bxc4 $17 {was forced.} Nc5 19. Qf3) 18... Nxc4 $2 (18... Nc5 $1 $19 19. Qf3 Nxb3 20. Nxb6 Qxc3 21. Qxc3 (21. axb3 $2 {is the wrong capture.} Rxa1 22. Qxc3 Bxc3 $19) 21... Bxc3 22. Nxa8 (22. axb3 $2 {too greedy.} Rxa1 23. Rf1 Bd4 $19) 22... Nxa1) 19. bxc4 $11 Nc5 20. Qc2 (20. Qd2 $15) 20... Qa6 $1 $17 21. e5 Qxc4 {[%emt 0:01:13] And now ...Rfc8 would win.} 22. Bd2 Rfc8 23. Re3 dxe5 24. fxe5 Na4 25. Qb3 (25. Re4 $17 Qxd5 26. Nxd5 Rxc2 27. Re2) 25... Qd4 $19 26. Rd1 Nxc3 ({Not} 26... Bxe5 27. Ne2 Qb2 28. Bc1 Qxb3 29. axb3 $14) 27. Rxc3 Bxe5 28. Rf3 Rcb8 29. Qd3 Rxa2 {[%emt 0:04:17] aiming for ...Qa4.} 30. Qxd4 Bxd4 31. Rd3 Bc5 32. Kf3 Ra3 (32... Bd6 $19 33. h4 Ra4) 33. Rxa3 $17 Bxa3 {[%emt 0:00:02][%mdl 4096] Endgame KRB-KRB} 34. Bf4 Rd8 35. Ke4 Bd6 36. Bh6 f6 37. Be3 (37. Bf4 $17) 37... Kf7 $19 38. Rd2 h5 39. Rd3 {[%emt 0:02:07] [#]} (39. Bf4 $17) 39... h4 $1 40. Kf3 (40. gxh4 Bxh2) 40... hxg3 41. hxg3 Ke8 42. Bf2 Kd7 43. Ke4 Ra8 44. Bd4 Ra4 {[%emt 0:00:37] Hoping for ...Bc5.} 45. Kf3 Ra3 ({Better is} 45... Rc4 $19 {White must now prevent ...Bc5.} 46. g4 g5) 46. Rxa3 $15 Bxa3 {[%emt 0:00:02] KB-KB} 47. g4 Bd6 48. Ke4 Kc7 49. Be3 Kb7 50. Bd4 Ka6 51. Be3 Kb5 52. Bd4 Kc4 {[%emt 0:00:13][%cal Of6f5] ( -> ...f5+!)} 53. Be3 Kc3 54. Bd4+ Kc4 {[%emt 0:02:33][%cal Of6f5] ...f5+! is the strong threat.} 55. Be3 {[%emt 0:00:41] [#]} f5+ 56. gxf5 $11 gxf5+ 57. Kxf5 Kxd5 {[%emt 0:00:06] With the idea ...e5.} 58. Bg5 {[%emt 0:00:26] [#]} (58. Kg4 $11 {remains equal.}) 58... e6+ (58... e5 $1 $17 {next ...e4 is good for Black.} 59. Be3 Bf8) 59. Kg4 $1 Ke4 60. Bf6 Be5 61. Be7 Bc7 62. Bf6 Bb6 63. Bg7 Be3 64. Bf6 {[%emt 0:11:13] White happily takes the draw.   Weighted Error Value: White=0.28 (precise) /Black=0.29 (precise)} 1/2-1/2

[Event "European Women-ch 2023"]
[Site "Petrovac"]
[Date "2023.03.23"]
[Round "6.21"]
[White "Krasteva, Beloslava"]
[Black "Spalir, Monika"]
[Result "1-0"]
[ECO "D14"]
[WhiteElo "2292"]
[BlackElo "2125"]
[Annotator "TA"]
[PlyCount "149"]
[EventDate "2023.03.15"]
[EventType "swiss"]
[EventCountry "MNE"]
[SourceTitle "playchess.com"]
[Source "ChessBase"]
[SourceQuality "1"]
[TimeControl "40/5400+30:1800+30"]

1. d4 d5 2. c4 c6 3. cxd5 cxd5 4. Bf4 Nf6 5. Nc3 Nc6 6. e3 Bf5 7. Qb3 Na5 8. Qa4+ Bd7 9. Qc2 Rc8 10. Bd3 e6 11. Nf3 b5 12. a3 (12. Bxb5 $2 Bxb5 13. Ne5 Ne4 $19) 12... Be7 13. O-O (13. Bxb5 $2 Bxb5 14. Nd2 O-O $19) 13... O-O 14. Ne5 (14. Bxb5 $2 Bxb5 15. Rfc1 Ne4 $19) 14... Be8 {[%emt 0:01:20] The position is equal.} 15. Qe2 (15. Bxb5 $2 Bxb5 16. Rfe1 Ne4 $19) 15... a6 $1 16. Rac1 Nc4 17. a4 b4 18. Nb1 Bxa4 19. Nxc4 dxc4 20. Bxc4 a5 21. Nd2 Qd7 22. Ra1 Ra8 23. Nf3 Rfc8 24. Ne5 Qe8 25. Bg3 Nd7 26. Rxa4 $16 (26. Nxf7 Kxf7 27. Bxe6+ (27. Rxa4 $2 Rxc4 $17 {[%mdl 64] Decoy}) 27... Kxe6 $17) 26... Nxe5 27. Bb5 $36 {[%emt 0:00:12][%mdl 2048] White is in control.} Nd7 28. Rfa1 {[%emt 0:04:37] White is more active.} b3 29. h3 (29. Rxa5 $2 {perishes.} Rxa5 30. Rxa5 Rc1+ $19) 29... Bb4 {[%emt 0:11:38] [#]} (29... Qd8 $16) 30. Qd3 (30. Qf3 $1 $18 {is the precise move to win.} Rab8 31. Bxb8 Rxb8 32. Qc6) 30... Qe7 31. Qxb3 Nb6 32. R4a2 Qg5 33. Be2 Ra7 34. Rd1 Nd5 (34... Qe7 $142 35. e4 a4) 35. Raa1 Rd7 36. Rac1 Rdd8 37. h4 Qg6 38. Qd3 Qf6 39. Qe4 Qh6 40. h5 Rf8 (40... g6 $16 41. hxg6 hxg6) 41. Qf3 $18 f5 (41... Qf6 {keeps fighting.} 42. Qxf6 Nxf6) 42. Bc4 Kh8 (42... f4 $142) 43. Bxd5 {[%emt 0:03:40] This pair of bishops is nice.} Rxc1 44. Rxc1 exd5 45. Rc7 {[%emt 0:01:20] Threatens to win with Be5.} ({Weaker is} 45. Qxd5 Qxh5 46. Be5 Bd2 $18) 45... Qe6 46. h6 {[%emt 0:01:02][%mdl 64] [#] Deflection} Qxh6 (46... Rf7 {was called for.} 47. Rxf7 Qxf7) 47. Be5 Rg8 48. Qxd5 Bf8 49. Qxa5 Qg6 50. Qd5 f4 51. Bxf4 Qb1+ 52. Kh2 {[%emt 0:00:03] Rc8 would be deadly.} Qxb2 53. Qf3 {[%emt 0:00:24] Be5 is the strong threat.} Qb6 54. Rc6 {[%emt 0:00:13] Against Bd6} Qd8 55. Be5 {[%emt 0:00:47] Intending Qh5 and mate.} Qh4+ 56. Kg1 Bb4 57. Qg3 $2 (57. Qf7 Qg5 58. Re6) 57... Qe7 (57... Qxg3 58. Bxg3 Re8) 58. Rc7 (58. Rh6 $142 Rc8 59. Qg6 Rc1+ 60. Kh2 Qxe5+ 61. dxe5 gxh6 62. Qf6+ Kg8 63. e6) 58... Qf8 59. d5 Be7 60. d6 Bd8 61. Rc8 Qf7 62. Qg4 Rf8 63. f3 h5 64. Qh3 Kg8 65. d7 {[%emt 0:00:43] aiming for Bd6.} Qg6 {[%emt 0:00:38] Dodges Bd6} 66. Qg3 (66. Bc7 $142 Bg5 67. e4) 66... Qf7 (66... Qxg3 $18 67. Bxg3 Kf7) 67. Bd6 Qxd7 {[%emt 0:01:17] Black is weak on the dark squares} 68. Bxf8 Kxf8 {[%emt 0:00:04] KQR-KQB} 69. Qb8 Qd1+ 70. Kh2 {[%emt 0:00:05] White mates.} Qe1 71. Rxd8+ Kf7 72. Qf4+ Ke7 73. Qf8+ Ke6 74. Rd6+ Ke5 75. Qf4# {[%emt 0:00:07] Weighted Error Value: White=0.13 (very precise) /Black=0.30} 1-0

[Event "European Women-ch 2023"]
[Site "Petrovac"]
[Date "2023.03.23"]
[Round "6.21"]
[White "Popovic, Mateja"]
[Black "Mayrhuber, Nikola"]
[Result "0-1"]
[ECO "E11"]
[WhiteElo "1832"]
[BlackElo "2162"]
[Annotator "TA"]
[PlyCount "74"]
[EventDate "2023.03.15"]
[EventType "swiss"]
[EventCountry "MNE"]
[SourceTitle "playchess.com"]
[Source "ChessBase"]
[SourceQuality "1"]
[TimeControl "40/5400+30:1800+30"]

1. d4 Nf6 2. c4 e6 3. Nf3 Bb4+ 4. Nbd2 b6 5. a3 Bxd2+ 6. Bxd2 Bb7 7. Bg5 d6 8. e3 Nbd7 9. Be2 h6 10. Bh4 Qe7 (10... g5 $5 11. Bg3 h5 $15) 11. b4 (11. Nd2 $11) 11... g5 $15 12. Bg3 Ne4 13. O-O {[%emt 0:16:06] The position is equal.} h5 14. h4 $1 Nc3 (14... Nxg3 $142 15. fxg3 g4) 15. Qd3 $11 Nxe2+ 16. Qxe2 g4 17. Nd2 Nf8 18. e4 (18. c5 $14) 18... Ng6 19. f3 Nxh4 20. fxg4 hxg4 (20... Rg8 $15) 21. Qxg4 (21. c5 $1 $14 {stays ahead.}) 21... O-O-O {[%emt 0:08:47] Hoping for ...f5.} (21... Kd7 $5 22. d5 Rag8 23. Bxh4 (23. Qf4 $2 f5 $19) 23... Rxg4 24. Bxe7 Kxe7 $15) 22. Bxh4 $1 Rxh4 23. Qg7 Rf8 24. Rae1 Rh5 25. Re2 {[%emt 0:08:50] [#]} Bc6 (25... Rhh8 $1 $17) 26. d5 $15 Bd7 27. Ref2 Rg5 28. Qf6 Qxf6 29. Rxf6 exd5 {[%emt 0:03:49] Strongly threatening ...Rfg8.} 30. exd5 Rfg8 $36 {[%emt 0:01:45][%mdl 2048] Black is in control.} 31. R1f2 (31. Rxf7 $2 Rxg2+ 32. Kh1 Rxd2 $19) 31... Bh3 32. Rxf7 Rxg2+ 33. Kh1 Kb7 (33... R2g3 $17 {...Bg2+ is the strong threat.} 34. Kh2 Rxa3 35. Rf8+ Rxf8 36. Rxf8+ Kb7) 34. Ne4 $2 {[%emt 0:02:24][%mdl 8192] [#]} (34. Rxg2 $1 $11 {and White has nothing to worry.} Rxg2 35. Ne4) 34... R2g6 $1 $19 35. Kh2 $2 {[%emt 0:02:18] [#]} (35. Nf6 {keeps fighting.} Rh8 36. Rh7 Rxh7 37. Nxh7) 35... Bf5 $1 {[%emt 0:01:05][%cal Rg6h6][%mdl 512] Black is clearly winning.} 36. Ng3 (36. Nxd6+ Rxd6) 36... Rh8+ (36... Rxg3 $2 {is the wrong capture.} 37. R2xf5 Rg2+ 38. Kh3 $19) 37. Kg2 Be4+ {[%emt 0:00:12] Weighted Error Value: White=0.50/Black=0.18 (very precise)} 0-1

[Event "European Women-ch 2023"]
[Site "Petrovac"]
[Date "2023.03.23"]
[Round "6.22"]
[White "Silva, Mariana Sofia T."]
[Black "Gamal, Alaa"]
[Result "1/2-1/2"]
[ECO "E11"]
[WhiteElo "1920"]
[BlackElo "1748"]
[Annotator "TA"]
[PlyCount "133"]
[EventDate "2023.03.15"]
[EventType "swiss"]
[EventCountry "MNE"]
[SourceTitle "playchess.com"]
[Source "ChessBase"]
[SourceQuality "1"]
[TimeControl "40/5400+30:1800+30"]

1. d4 Nf6 2. c4 e6 3. g3 Bb4+ 4. Bd2 Qe7 5. Bg2 Bxd2+ 6. Qxd2 d6 7. Nc3 e5 8. dxe5 dxe5 9. Nf3 O-O 10. Rd1 c6 11. Qd6 Qxd6 12. Rxd6 Re8 13. O-O {[%emt 0:06:29] The position is equal.} Bf5 14. h3 h5 15. Rfd1 Nbd7 16. b3 Nc5 17. Ng5 Ne6 18. Nxe6 Bxe6 19. Na4 Bf5 20. Nc5 Rab8 (20... Bc8 $1 $14) 21. b4 (21. Nxb7 $1 $16 Rxb7 22. Bxc6) 21... e4 22. e3 Kf8 23. Nb3 Be6 24. Na5 Ke7 25. R6d4 Bf5 26. a3 Rec8 27. c5 Be6 28. Bxe4 (28. Nc4 {simplifies} Bxc4 29. Rxc4 Rd8 30. Rb1) 28... Bxh3 29. Nc4 Bg4 {[%emt 0:02:10] Black is weak on the dark squares} 30. R1d2 Nxe4 31. Rxe4+ Be6 32. Nd6 {[%emt 0:00:25][%cal Of2f4] aiming for f4!} Rc7 33. f4 {[%emt 0:08:17][%cal Bf2f4,Bf4f5][%mdl 32] Strongly threatening f5.} Kf8 (33... g6 $1 $11) 34. f5 $36 {[%emt 0:01:25][%mdl 2048] White is on the roll.} Bd5 35. Rf4 {[%emt 0:00:30] White has more active pieces. The black rooks are badly placed.} f6 36. e4 Bf7 37. Kf2 (37. g4 $14) 37... Rd7 38. Rf3 Rbd8 (38... b6 $11 {remains equal.}) 39. Rfd3 b6 40. Rb2 (40. Ke3 $16) 40... Rb8 (40... g6 $14 {deserves consideration.}) 41. Rdd2 Rbd8 {[%emt 0:01:15] [#]} ({Black should try} 41... g6 $14) 42. Ke3 $1 Ke7 43. Kf4 g5+ 44. fxg6 (44. Ke3 $5 ) 44... Bxg6 45. a4 Ke6 46. a5 b5 ({Better is} 46... Rg8 $14) 47. Rh2 Rg8 48. Rbd2 Rgd8 (48... a6 $16 {was worth a try.} 49. Kf3 Rdd8) 49. Rh4 $18 Rg8 50. a6 Rdg7 (50... Rgg7 $16 {is a better defense.} 51. Rf2 Rg8) 51. Rh1 $2 (51. g4 $18) 51... Bh7 $1 $11 52. Rh3 (52. Rxh5 $5 Rg4+ $8 53. Ke3 Rxg3+ 54. Kd4 $11) 52... Rg4+ 53. Kf3 R8g5 54. Re2 Bg6 55. Kf2 Ke5 56. Re3 Kd4 57. Rh1 Ke5 (57... h4 $1 $11 58. Rxh4 (58. gxh4 Rg2+ 59. Kf1 Kxe3 $11) 58... Rxh4 59. gxh4 Rh5) 58. Nc8 $1 $14 Rxe4 {[%emt 0:02:25] [#]} 59. Rxe4+ ({Weaker is} 59. Nxa7 Rxe3 60. Kxe3 Be4 $17) (59. Rhe1 $1 $16 Rf5+ 60. Kg2 Rxe3 61. Rxe3+ Kd4 62. Re7) 59... Bxe4 {[%emt 0:02:08][%mdl 4096] Endgame KRB-KRN} 60. Rh4 f5 (60... Rg7 $17) 61. Nxa7 $11 Rg8 62. Rxh5 {[%emt 0:00:31] Threatens to win with Rh6.} Ra8 {[%emt 0:00:02] Inhibits Rh6.} 63. Nxb5 $2 cxb5 $19 {[%emt 0:00:06] Black is clearly winning.} 64. Rh6 Kd4 {[%emt 0:01:21] ...Kc4 would be deadly.} 65. Rb6 (65. Rd6+ $142 Kc4 66. Ke3) 65... Kc4 66. c6 Kxb4 67. c7 {[%emt 0:01:23][%mdl 32768] Quite a comeback for Black.   Weighted Error Value: White=0.22 (precise) /Black=0.23 (precise) . An unexpected result.} 1/2-1/2

[Event "European Women-ch 2023"]
[Site "Petrovac"]
[Date "2023.03.23"]
[Round "6.22"]
[White "Silva, Ana Ines Teixeira Da"]
[Black "Kulon, Klaudia"]
[Result "0-1"]
[ECO "B22"]
[WhiteElo "1792"]
[BlackElo "2290"]
[Annotator "TA"]
[PlyCount "66"]
[EventDate "2023.03.15"]
[EventType "swiss"]
[EventCountry "MNE"]
[SourceTitle "playchess.com"]
[Source "ChessBase"]
[SourceQuality "1"]
[TimeControl "40/5400+30:1800+30"]

1. e4 c5 2. c3 Nf6 3. e5 Nd5 4. Nf3 Nc6 5. Bc4 Nb6 6. Bb3 d5 7. exd6 c4 8. Bc2 Qxd6 9. O-O (9. Na3 {keeps more tension.} Bg4 10. b3 Qe6+ 11. Qe2) 9... g6 10. b3 Bg7 11. Qe2 Be6 (11... Qe6 $11 12. Qd1 Nb4) 12. Ng5 Bd5 13. Ne4 (13. Na3 $11) 13... Qc7 {[%emt 0:03:46] Black is more active.} ({Black should play} 13... Qe5 $17) 14. Na3 $11 cxb3 15. axb3 O-O 16. d4 a6 $36 {[%emt 0:00:25][%mdl 2048] Prevents Nb5. White should prevent ...f5. White is under pressure.} 17. Bg5 {[%emt 0:25:28] [#]} (17. f4 $11 {keeps the balance.}) 17... f5 $1 $17 {[%emt 0:05:23] White is now going downhill.} 18. Nc5 e5 19. dxe5 (19. Nc4 $17) 19... Nxe5 $19 (19... Bxe5 20. Rad1 $17) 20. b4 (20. Nd3 $142) 20... Ng4 21. f4 $2 (21. g3 {only move.}) 21... Bxc3 {[%emt 0:04:34] Black is clearly winning.} 22. Ne6 (22. Qd3 $142 Bxa1 23. Bb3) 22... Qc6 23. Nxf8 Bd4+ 24. Kh1 Re8 (24... Kxf8 $2 {loses.} 25. Be7+ Kf7 26. Rad1 $19) 25. Be4 Bxe4 ({Not} 25... Rxf8 26. Rad1 Bxe4 27. Rxd4 $11) 26. Rac1 {[%emt 0:01:16] White is weak on the light squares} Nf2+ 27. Qxf2 Bxf2 {[%emt 0:00:05][%csl Gc6][%cal Re4g2,Bd4f2,Bf2e1,Be1c3][%mdl 32] [#] This pair of bishops is nice.} 28. Rxc6 Bxc6 29. Bh6 Be1 {[%emt 0:00:07] Strongly threatening ...Re2.} 30. Nc2 Bc3 {[%emt 0:00:03] ...Re2 would be deadly.} 31. h3 Re2 32. Rc1 Rxg2 33. Nd4 Rc2+ {[%emt 0:00:20][%mdl 64] Discovered Attack. An entertaining game by Kulon.   Weighted Error Value: White=1.04/Black=0.13 (very precise)} ({Worse is} 33... Bxb4 34. Nxc6 Bxf8 35. Kxg2 Bxh6 36. Ne7+ Kf8 37. Rc7 $11) 0-1

[Event "European Women-ch 2023"]
[Site "Petrovac"]
[Date "2023.03.23"]
[Round "6.23"]
[White "Zhapova, Yana"]
[Black "Koridze, Lile"]
[Result "0-1"]
[ECO "B51"]
[WhiteElo "2269"]
[BlackElo "2122"]
[Annotator "TA"]
[PlyCount "70"]
[EventDate "2023.03.15"]
[EventType "swiss"]
[EventCountry "MNE"]
[SourceTitle "playchess.com"]
[Source "ChessBase"]
[SourceQuality "1"]
[TimeControl "40/5400+30:1800+30"]

1. e4 c5 2. Nf3 d6 3. Bb5+ Nd7 4. Ba4 Ngf6 5. O-O g6 6. Re1 {[%emt 0:00:25] B51: Sicilian: Moscow Variation (3 Bb5+) without 3...Bd7.} Bg7 7. c3 O-O 8. d4 {[%emt 0:00:18] White has an edge.} e6 (8... Qc7 $11) 9. Bf4 $14 Qb6 {[%emt 0:08:22] [#]} 10. Na3 $146 {[%emt 0:13:42] Nc4 is the strong threat.} ({Predecessor:} 10. Nbd2 Qa6 11. Qb3 d5 12. exd5 Nxd5 13. Nc4 cxd4 14. Bd6 b6 15. Bc6 dxc3 16. Bxa8 cxb2 {0-1 Shubin,K (2473)-Vidit,S (2727) Titled Tuesday intern op 14th Dec blitz 2021 (9)}) 10... d5 {[%emt 0:07:30] [#] Prevents Nc4.} (10... cxd4 $1 $11 11. cxd4 d5) 11. exd5 $1 $16 {[%emt 0:09:59][%mdl 64] Remove Defender} Nxd5 12. Bg3 (12. Nc4 $16 Qa6 13. Qb3 cxd4 14. cxd4) 12... cxd4 $1 $11 ({Don't take} 12... Qxb2 13. Nc4 Qxc3 14. Rc1 $18) 13. c4 Nc7 {[%emt 0:15:37] Black wants to play ...Nc5.} 14. Rb1 Nc5 {[%emt 0:05:16] With the idea ...f6.} 15. b4 $1 Nxa4 16. Qxa4 Ne8 17. Rbd1 a5 $1 18. Nc2 Nd6 $1 19. Nfxd4 (19. c5 $11 Qb5 20. Qb3) 19... Nxc4 $15 {[%emt 0:02:09] ...Nb2 would be deadly.} 20. Qb3 {[%emt 0:00:12] Dodges Nb2} e5 $1 21. Qxc4 exd4 22. bxa5 Qxa5 {[%emt 0:00:58] White must now prevent ...Qc3.} 23. Nxd4 Bg4 (23... Qxa2 {simplifies} 24. Qb5 Qa4 25. Qxa4 Rxa4 26. Nb5 Bg4) 24. f3 Bd7 25. Nb3 Qa4 26. Qc7 Bc6 {[%emt 0:00:47] This pair of bishops is nice.} 27. Bf2 (27. Re2 $15) 27... Qxa2 $17 28. Nd4 Qa5 29. Qf4 ({White should play} 29. Qxa5 $15 Rxa5 30. Nxc6 bxc6 31. Rc1) 29... Rad8 (29... Ba4 $142 30. Rb1 Rfe8) 30. Bh4 $2 {[%emt 0:01:41][%mdl 8192] Now White is beyond hope.} (30. Nxc6 $17 bxc6 31. h3) 30... Rxd4 $19 31. Rxd4 g5 ({Not} 31... Bxd4+ 32. Qxd4 Qa4 33. Qf6 $11) 32. Qd6 Bxd4+ 33. Qxd4 gxh4 34. Qxh4 f6 35. Re7 {[%emt 0:00:38] [#]} (35. Rc1 $19) 35... Qc5+ {[%emt 0:00:05] Weighted Error Value: White=0.51/Black=0.14 (very precise)} 0-1